AoeStats
← [GDL] Maldito Pantoja

African Clearing

505103958Analyzed
4v4 RM · 26d ago on Sep 7, 2026· 18m 30s· 8 players
Game mode
Random Map
Map size
Large (8 player)
Population
200
Speed
Normal
Resources
Standard
Victory
Conquest
Starting age
Dark Age
Ending age
Imperial Age
RankedLock teamsTeams togetherTeam positionsShared explorationLock speedFull tech treeHidden civsTurbo modeCheats
Victory
Defeat
🇻🇪 Huns · Venezuela
1410
+14
🇺🇸 Khitans · United States
1396
+15
🇦🇷 Vietnamese · Argentina
1387
+15
🇲🇽 Maya · Mexico
1359
+16
🇵🇪 Chinese · Peru
1440
-17
🇧🇷 Vietnamese · Brazil
1391
-16
🇪🇸 Hindustanis · Spain
1387
-16
🇹🇼 Japanese · Taiwan
1269
-11
[GDL] Maldito Pantoja
6:24 Loom
13:34 Feudal Age
17:30 Castle Age
16:27 Stone Mining
16:22 Double-Bit Axe
16:24 Horse Collar
KhalDrogo
5:07 Loom
12:23 Feudal Age
13:08 Double-Bit Axe
16:00 Forging
15:54 Town Watch
18:07 Domestication
Potro Occidental
11:29 Feudal Age
10:30 Loom
12:05 Double-Bit Axe
16:37 Fletching
17:00 Forging
FireStorm
5:26 Loom
14:08 Feudal Age
18:15 Castle Age
16:40 Double-Bit Axe
16:58 Horse Collar
18:56 Fletching
hcenemod
12:29 Feudal Age
11:04 Loom
JAGR | BkB
3:53 Loom
12:31 Feudal Age
13:06 Double-Bit Axe
[TrEta] D.Quixote
3:42 Loom
13:38 Feudal Age
Tree_Goldberg
4:59 Loom
12:03 Loom
13:48 Feudal Age
Connection lost

Rejoining the realm…

Still unreachable

The connection could not be restored.

Session expired

The server has moved on; the page needs a fresh start.